AoeStats
← AlmaFuerte1228

Arabia

507791944Analyzed
1v1 RM · 13d ago on Sep 19, 2026· 26m 57s· 2 players
Game mode
Random Map
Map size
Tiny (2 player)
Population
200
Speed
Normal
Resources
Standard
Victory
Conquest
Starting age
Dark Age
Ending age
Imperial Age
RankedLock teamsTeams togetherTeam positionsShared explorationLock speedFull tech treeHidden civsTurbo modeCheats
Victory
Defeat
🇦🇷 Wu · Argentina
1112
+18
🇲🇽 Bulgarians · Mexico
1159
-18
[CRX] Darius
7:42 Loom
9:59 Feudal Age
AlmaFuerte1228
6:47 Loom
9:23 Feudal Age
11:07 Double-Bit Axe
12:13 Town Watch
12:38 Town Watch
26:46 Castle Age
25:09 Forging
27:24 Padded Archer Armor
27:16 Fletching
27:26 Padded Archer Armor
Connection lost

Rejoining the realm…

Still unreachable

The connection could not be restored.

Session expired

The server has moved on; the page needs a fresh start.